 Dungeon Crawl Stone Soup version 0.24.1-8-ga250c9d538 (webtiles) character file.

Game seed: 16117736573802230743, levelgen mode: deterministic

102 Hugehornet the Changer (level 4, -1/28 HPs)
             Began as an Octopode Transmuter on May 5, 2020.
             Killed by divine providence
             ... invoked by an orc priest
              (15 damage)
             ... on level 3 of the Dungeon.
             The game lasted 00:04:25 (2669 turns).

Hugehornet the Changer (Octopode Transmuter)        Turns: 2669, Time: 00:04:26

Health: -1/28      AC:  1    Str:  9    XL:     4   Next: 78%
Magic:  1/7        EV: 13    Int: 16    God:
Gold:   74         SH:  0    Dex: 12    Spells: 1/7 levels left

rFire    . . .     SeeInvis .     - Unarmed
rCold    . . .     Gourm    .   (no shield)
rNeg     + . .     Faith    .   (helmet restricted)
rPois    .         Spirit   .   (no amulet)
rElec    .         Reflect  .   h - ring of positive energy
rCorr    .         Harm     .   (no ring)
MR       .....                  (no ring)
Stlth    ++........             (no ring)
HPRegen  0.09/turn              (no ring)
MPRegen  0.10/turn              (no ring)
                                (no ring)
                                (no ring)

@: very slightly contaminated
A: almost no armour, stealthy swim, amphibious, 8 rings, constrict 8, camouflage
1, gelatinous body 1
a: no special abilities


You were on level 3 of the Dungeon.
You were not hungry.

You visited 1 branch of the dungeon, and saw 3 of its levels.

You collected 74 gold pieces.

Inventory:

Missiles
 a - 121 arrows
Armour
 b - a +0 buckler
Jewellery
 h - a ring of positive energy (left tentacle)
Scrolls
 d - 5 scrolls of identify {unknown}
 g - a scroll of magic mapping {unknown}
 i - a scroll of teleportation {unknown}
Potions
 e - a potion of agility {unknown}
 f - a potion of invisibility {unknown}
 j - a potion of haste {unknown}
Comestibles
 c - 4 rations


   Skills:
 - Level 1.0 Fighting
 - Level 2.0 Dodging
 * Level 3.6 Unarmed Combat
 - Level 2.0 Spellcasting
 * Level 4.0 Transmutations
 + Level 1.4 Poison Magic


You had one spell level left.
You knew the following spells:

 Your Spells              Type           Power        Failure   Level  Hunger
a - Beastly Appendage     Tmut           ##....       4%          1    #......
b - Sticks to Snakes      Tmut           ##......     6%          2    ###....
c - Spider Form           Tmut/Pois      ##........   21%         3    ###....

Your spell library contained the following spells:

 Spells                   Type           Power        Failure   Level  Hunger
 Ice Form                 Ice/Tmut       #.......     65%         4    #####..
 Blade Hands              Tmut           ##........   73%         5    ######.


Dungeon Overview and Level Annotations

Branches:
Dungeon (3/15)

Altars:
Fedhas


Innate Abilities, Weirdness & Mutations

You cannot wear most types of armour.
You are very stealthy in the water. (Stealth+)
You are amphibious.
You can wear up to eight rings at the same time.
You can use your tentacles to constrict eight enemies at once.
Your skin changes colour to match your surroundings (Stealth+).
Your rubbery body absorbs attacks. (AC +1, EV +1)


Message History

You hear a shout!
You hear an angry hiss.
Found 13 gold pieces.
You see here 8 gold pieces.
There isn't anything to butcher here.
Your transformation is almost over.
Things that are here:
a +0 dagger; a goblin corpse Your tentacle spike disappears.
Casting: Beastly Appendage (safe; 4% risk of failure)
Confirm with . or Enter, or press ? or * to list all spells.
You miscast Spider Form.
You are very lightly contaminated with residual magic.
You feel weak for a moment.
Casting: Spider Form (safe; 21% risk of failure)
Confirm with . or Enter, or press ? or * to list all spells.
You miscast Spider Form.
Your skin glows momentarily.
The orc priest mumbles some strange prayers to Beogh against you.
Beogh smites you!
Ouch! That really hurt!
You die...

..# #...<#.############.##
..############.##............#
...............##.#####.....##
...........######.#...#.#####
.(.........# #.#.#.#.#
...........# #.#.#.#.#
..†(.......# #.#.....#
#...(......######.###.###
................@...#.#
##.........##.##..#.#.#
...)..........##..#.#.#
##.........##.##..#.#.#
#....................#
########........o....#
#...).........#
#####.............#
....#.............#


You could see an orc priest.

Vanquished Creatures
  3 adders (D:2)
  An ooze (D:3)
  3 worms
  2 dart slugs
  9 bats
  2 giant cockroaches (D:2)
  10 goblins
  5 hobgoblins
  6 jackals (D:1)
  A quokka (D:2)
  2 frilled lizards
  6 kobolds
  4 rats
54 creatures vanquished.

Notes
Turn   | Place    | Note
-------+----------+-------------------------------------------
     0 | D:1      | Hugehornet the Octopode Transmuter began the quest for the
                  | Orb.
     0 | D:1      | Reached XP level 1. HP: 13/13 MP: 3/3
    73 | D:1      | Reached XP level 2. HP: 12/18 MP: 3/5
    82 | D:1      | Reached skill level 3 in Transmutations
    93 | D:1      | Learned a level 2 spell: Sticks to Snakes
   517 | D:1      | Reached XP level 3. HP: 23/23 MP: 4/6
   522 | D:1      | Learned a level 3 spell: Spider Form
  1422 | D:2      | Reached skill level 1 in Poison Magic
  1738 | D:2      | Reached XP level 4. HP: 20/28 MP: 5/7
  2384 | D:2      | Found a blossoming altar of Fedhas.
  2636 | D:3      | Reached skill level 4 in Transmutations
  2669 | D:3      | Killed from afar by an orc priest

Levels and vault maps discovered:
D:1:      sevenhm_arrival_forest_fort_small_3, layout_basic,
          minmay_curled_crystal
D:2:      layout_rooms, fedhas_altar_4, first_ration
D:3:      layout_basic, uniq_terence

Skill      XL: |  1  2  3  4 |
---------------+-------------+-----
Transmutations | 3 4 |  4.0
Poison Magic   | 1 |  1.4
Fighting       | |  1.0
Dodging        | |  2.0
Unarmed Combat | |  3.6
Spellcasting   | |  2.0

Action                   |  1- 3 |  4- 6 || total
-------------------------+-------+-------++-------
Melee: Unarmed           |    76 |    55 ||   131
       Constrict         |    23 |    11 ||    34
       Tentacles         |    13 |    11 ||    24
       Kick              |     9 |    15 ||    24
       Punch             |     3 |       ||     3
 Cast: Beastly Appendage |    23 |    14 ||    37
  Use: Potion            |     1 |       ||     1
 Stab: Sleeping          |     2 |     1 ||     3
       Distracted        |     1 |       ||     1
  Eat: Chunk             |     2 |     1 ||     3
       Ration            |       |     1 ||     1
Armor: Skin              |    10 |    10 ||    20
Dodge: Dodged            |    52 |    42 ||    94
